 Dungeon Crawl Stone Soup version 0.30.1-9-gdf580d7c3d (webtiles) character file.

Game seed: 2783559282421748228

20115 ywiktor the Protected (level 12, -12/113 HPs)
             Began as a Minotaur Berserker on Oct 11, 2023.
             Was an Elder of Trog.
             Mangled by a shock serpent (14 damage)
             ... on level 1 of the Snake Pit on Oct 12, 2023.
             The game lasted 02:08:01 (15993 turns).

ywiktor the Protected (Minotaur Berserker)         Turns: 15993, Time: 02:08:01

Health: -12/113    AC: 26    Str: 26    XL:     12   Next: 42%
Magic:  11/11      EV:  8    Int:  8    God:    Trog [****..]
Gold:   814        SH:  0    Dex:  9    Spells: 11/11 levels left

rFire   . . .        J - +5 flail (drain)
rCold   . . .        (no shield)
rNeg    . . .        I - +5 chain mail
rPois   +            (helmet restricted)
rElec   .            W - +0 cloak
rCorr   .            K - +1 Delatra's gloves {ID++}
SInv    .            (no boots)
Will    .....        (no amulet) Stlth
                     q - ring of poison resistance
HPRegen 0.38/turn    G - +4 ring of protection
MPRegen 0.12/turn

%: no passive effects
@: lethally poisoned (-12 -> -28), about to teleport, constricted
A: horns 2, retaliatory headbutt, clever 1
a: Renounce Religion, Berserk, Trog's Hand, Brothers in Arms


You were on level 1 of the Snake Pit.
You worshipped Trog.
Trog was greatly pleased with you.
You visited 5 branches of the dungeon, and saw 15 of its levels.
You also visited: Sewer.

You collected 814 gold pieces.

Inventory:

Hand Weapons
 a - a +2 antimagic executioner's axe
 H - a +4 falchion
 J - a +5 flail of draining (weapon)
 Q - a +0 vampiric battleaxe
Missiles
 p - 110 stones
 R - 3 throwing nets
 T - 87 poisoned darts (quivered)
Armour
 m - a +1 leather armour of fire resistance
 F - a +0 chain mail
 I - a +5 chain mail (worn)
 K - the +1 Delatra's gloves (worn) {ID++}
   (You found it on level 5 of the Dungeon)

   ID++:      It heals its wearer when they drink unknown potions, and restores
   their MP when they read unknown scrolls.
 W - a +0 cloak (worn)
Jewellery
 h - a ring of resist corrosion
 q - a ring of poison resistance (left hand)
 s - a +6 ring of strength
 w - a ring of protection from fire
 y - a ring of willpower
 G - a +4 ring of protection (right hand)
 S - the ring "Myemilet" {Ice rCorr Int+2 Dex-3 Stlth+}
   (You found it on level 7 of the Dungeon)

   [ring of ice]

   It enhances your ice magic.
   Int:       It affects your intelligence (+2).
   Dex:       It affects your dexterity (-3).
   rF:        It makes you vulnerable to fire.
   rC:        It protects you from cold.
   rCorr:     It protects you from acid and corrosion.
   Stlth:     It makes you more stealthy.
 U - a ring of see invisible
 Y - a ring of protection from fire
Scrolls
 c - a scroll of fog
 i - a scroll of fear
 l - 4 scrolls of teleportation
 r - a scroll of brand weapon
 u - a scroll of magic mapping {unknown}
 A - a scroll of blinking {unknown}
 B - 2 scrolls of enchant weapon
 C - a scroll of amnesia
 L - a scroll of noise
 M - a scroll of vulnerability {unknown}
 N - a scroll of torment
 O - a scroll of poison
 P - 2 scrolls of silence
 X - a scroll of immolation {unknown}
Potions
 d - 2 potions of brilliance
 e - 3 potions of lignification
 f - 4 potions of curing
 g - a potion of magic
 k - a potion of haste
 n - 2 potions of degeneration
 o - a potion of invisibility {unknown}
 t - 3 potions of mutation
 v - 3 potions of might
 x - a potion of attraction
 z - a potion of berserk rage
 D - a potion of cancellation {unknown}
 V - a potion of ambrosia
 Z - 2 potions of flight
Miscellaneous
 E - a phantom mirror


   Skills:
 + Level 12.6 Fighting
 - Level 12.0(12.9) Axes
 * Level 6.0(9.8) Maces & Flails
 - Level 4.5(9.0) Polearms
 - Level 1.8 Throwing
 + Level 14.0 Armour
 + Level 8.1 Dodging
 - Level 2.3 Stealth


You had 11 spell levels left.
You didn't know any spells.
Your spell library contained the following spells:

 Spells                   Type           Power      Damage    Failure   Level
 Apportation              Tloc           0%         N/A       82%         1
 Necrotise                Necr           0%         1d4       82%         1
 Summon Small Mammal      Summ           0%         N/A       82%         1
 Cigotuvi's Dreadful Rot  Necr/Pois/Air  0%         N/A       91%         2
 Ignite Poison            Fire/Tmut/Pois 0%         N/A       99%         3
 Freezing Cloud           Conj/Ice/Air   0%         6-21      100%        5
 Simulacrum               Ice/Necr       0%         N/A       100%        6
 Ozocubu's Refrigeration  Ice            0%         4d7       100%        7
 Chain Lightning          Conj/Air       0%         N/A       100%        9
 Fire Storm               Conj/Fire      0%         5d1       100%        9
 Polar Vortex             Ice            0%         N/A       100%        9
 Shatter                  Erth           0%         3d5*      100%        9


Dungeon Overview and Level Annotations

Branches:
Dungeon (9/15)             Temple (1/1) D:5            Lair (3/5) D:9
 Shoals (1/4) Lair:3        Snake (1/4) Lair:3        Sewer (visited)
    Orc: D:9-12

Altars:
Ashenzari
Cheibriados
Dithmenos
Elyvilon
Fedhas
Gozag
Hepliaklqana
Kikubaaqudgha
Makhleb
Nemelex Xobeh
Okawaru
Ru
Sif Muna
Vehumet
Wu Jian
Xom
The Shining One

Shops:
D:2 [


Innate Abilities, Weirdness & Mutations

You have a pair of horns on your head.
You reflexively headbutt those who attack you in melee.
Your mind is acute. (Int +4, Str/Dex -1)


Message History

The black mamba bites you but does no damage. x2
The shock serpent bites you but does no damage.
The black mamba barely misses you. You furiously retaliate!
You headbutt the black mamba!
The naga ritualist hits you but does no damage.
You escape the anaconda's grasp.
You feel very sick.
The black mamba bites you but does no damage. x2
The black mamba bites you! x2; The shock serpent bites you!
The shock serpent shocks you!
* * * LOW HITPOINT WARNING * * *
The anaconda grabs you.
You stop ascending the stairs.
The anaconda bites you but does no damage.
The anaconda constricts you.
* * * LOW HITPOINT WARNING * * *
A mana viper comes into view.
The black mamba bites you but does no damage.
The naga ritualist invokes the aid of its god against you.
You resist with significant effort. The black mamba barely misses you.
The black mamba bites you but does no damage. x2
As you read the scroll of teleportation, it crumbles to dust.
You feel strangely unstable.
You feel very sick.
The anaconda bites you but does no damage.
The anaconda constricts you. The shock serpent bites you.
* * * LOW HITPOINT WARNING * * *
The shock serpent shocks you!
* * * LOW HITPOINT WARNING * * *
The black mamba bites you but does no damage. x2
The black mamba closely misses you.
The black mamba bites you but does no damage.
The anaconda bites you but does no damage.
The anaconda constricts you.
The naga ritualist mumbles some strange prayers to its god.
The naga ritualist begins to radiate toxic energy.
You are more poisoned.
The shock serpent bites you.
* * * LOW HITPOINT WARNING * * *
The shock serpent shocks you!
You die... .........^.... ....S#....... ........... .....N... . #......# ... #.SSSS#

.....#SSS#
......S@N#
.....SS#S.#
....... .##
....##. ..
... .. ..#
.. .. #.# ?
.## .# . ..


You could see an anaconda, 2 naga ritualists, 3 shock serpents, a mana viper and
7 black mambas.

Vanquished Creatures
  Josephine (Lair:3)
  3 death yaks (D:9)
  A skyshark (Lair:3)
  5 elephants (Lair:3)
  A black mamba (Lair:3)
  The ghost of kalagan the Magician, a novice DECj (D:5)
  4 cane toads
  Maggie (D:8)
  A rime drake (Lair:3)
  A kobold demonologist (D:8)
  2 komodo dragons (Lair:1)
  A troll (D:8)
  2 polar bears (Lair:2)
  A wind drake (Lair:3)
  6 blink frogs
  Grinder (D:4)
  Prince Ribbit (D:7)
  Sigmund (D:4)
  3 wraiths (Lair:3)
  3 wyverns
  13 yaks
  Grum (D:8)
  A naga (Lair:3)
  6 water moccasins
  Duvessa (D:4)
  2 orc warriors
  3 ice beasts
  A sky beast (D:8)
  An ogre (D:7)
  4 black bears
  8 wolves
  4 centaurs
  2 phantoms (D:5)
  7 bullfrogs
  20 kobold brigands
  2 gnoll sergeants
  4 scorpions
  3 wights (D:6)
  6 killer bees (D:8)
  Dowan (D:4)
  A howler monkey (D:6)
  3 hounds
  6 jellies
  A gnoll bouda (D:6)
  7 orc priests
  An iguana (D:7)
  Jessica (D:2)
  10 orc wizards
  3 hell rats (D:9)
  A statue (D:8)
  9 gnolls
  8 adders
  3 river rats
  2 ufetubi (D:5)
  A worm (Sewer)
  3 dart slugs
  44 orcs
  17 endoplasms
  4 giant cockroaches
  6 goblins
  2 hobgoblins
  8 jackals
  23 kobolds
  6 quokkas
  8 ball pythons
  4 bats
  5 frilled lizards
  8 rats
325 creatures vanquished.

Vanquished Creatures (others)
  A manticore (Lair:3)
1 creature vanquished.

Grand Total: 326 creatures vanquished

Notes
Turn   | Place    | Note
-------+----------+-------------------------------------------
     0 | D:1      | ywiktor the Minotaur Berserker began the quest for the Orb.
     0 | D:1      | Reached XP level 1. HP: 19/19 MP: 0/0
   194 | D:1      | Reached XP level 2. HP: 27/27 MP: 1/1
   898 | D:2      | Reached ** piety under Trog
   953 | D:2      | Reached XP level 3. HP: 21/33 MP: 2/2
  1043 | D:2      | Found a faded altar of an unknown god.
  1061 | D:2      | Noticed Jessica
  1075 | D:2      | Killed Jessica
  1076 | D:2      | Reached XP level 4. HP: 35/41 MP: 3/3
  1290 | D:2      | Found Abisar's Armour Shoppe.
  1513 | D:2      | Reached skill level 5 in Axes
  2083 | D:3      | Found a glowing drain.
  2087 | Sewer    | Entered a sewer
  2118 | Sewer    | Reached skill level 3 in Armour
  2253 | Sewer    | Reached XP level 5. HP: 32/47 MP: 4/4
  2350 | Sewer    | Found a viscous altar of Jiyva.
  2733 | D:3      | Found a shimmering blue altar of Sif Muna.
  3011 | D:3      | Reached skill level 5 in Fighting
  3058 | D:4      | Found an ornate altar of the Wu Jian Council.
  3112 | D:4      | Reached *** piety under Trog
  3116 | D:4      | Reached XP level 6. HP: 53/56 MP: 5/5
  3182 | D:4      | Reached skill level 4 in Armour
  3564 | D:4      | Noticed Grinder
  3567 | D:4      | Paralysed by Grinder for 5 turns
  3577 | D:4      | Paralysed by Grinder for 4 turns
  3582 | D:4      | Killed Grinder
  3583 | D:4      | Reached XP level 7. HP: 26/61 MP: 6/6
  3715 | D:4      | Noticed Duvessa
  3715 | D:4      | Noticed Dowan
  3729 | D:4      | Killed Duvessa
  3737 | D:4      | Killed Dowan
  3738 | D:4      | Reached skill level 5 in Armour
  3882 | D:4      | Noticed Sigmund
  3918 | D:4      | Killed Sigmund
  3919 | D:4      | Reached skill level 1 in Polearms
  4199 | D:5      | Entered Level 5 of the Dungeon
  4236 | D:5      | Reached XP level 8. HP: 47/70 MP: 7/7
  4251 | D:5      | Found a runed translucent gate.
  4253 | D:5      | Found a runed translucent gate.
  4253 | D:5      | Noticed kalagan's ghost (novice DECj)
  4335 | D:5      | Reached skill level 6 in Armour
  4357 | D:5      | Found a runed translucent gate.
  4387 | D:5      | Killed kalagan's ghost
  4580 | D:5      | Found a staircase to the Ecumenical Temple.
  4603 | Temple   | Entered the Ecumenical Temple
  4683 | D:5      | Reached **** piety under Trog
  4689 | D:5      | Found a white marble altar of Elyvilon.
  4797 | D:5      | Reached skill level 7 in Armour
  4805 | D:5      | Found the +1 Delatra's gloves {ID++}
  5316 | D:5      | Reached skill level 1 in Stealth
  5320 | D:5      | Reached XP level 9. HP: 64/79 MP: 8/8
  5676 | D:6      | Found a broken altar of Ashenzari.
  5747 | D:6      | Reached skill level 8 in Armour
  6029 | D:6      | Found an iron altar of Okawaru.
  6105 | D:6      | Found a glowing golden altar of the Shining One.
  6638 | D:7      | Identified the +1 robe "Vim Doel" {rElec}
  6649 | D:7      | Reached skill level 9 in Armour
  7238 | D:7      | Gained mutation: Armour fits poorly on your strangely
                  | shaped body. [potion of mutation]
  7238 | D:7      | Gained mutation: Your mind is acute. (Int +4, Str/Dex -1)
                  | [potion of mutation]
  7238 | D:7      | Lost mutation: Armour fits poorly on your strangely shaped
                  | body. [potion of mutation]
  7239 | D:7      | Noticed Prince Ribbit
  7243 | D:7      | Killed Prince Ribbit
  7316 | D:7      | Identified the ring "Myemilet" {Ice rCorr Int+2 Dex-3
                  | Stlth+}
  7448 | D:7      | Reached skill level 10 in Armour
  7715 | D:8      | Noticed Grum
  7724 | D:8      | Reached XP level 10. HP: 90/90 MP: 9/9
  7732 | D:8      | Killed Grum
  7927 | D:8      | Reached skill level 10 in Axes
  8156 | D:8      | Reached skill level 5 in Dodging
  8161 | D:8      | Reached skill level 11 in Armour
  8230 | D:8      | Reached skill level 10 in Fighting
  8238 | D:8      | Reached ***** piety under Trog
  8521 | D:8      | Found a blossoming altar of Fedhas.
  8533 | D:8      | Noticed Maggie
  8572 | D:8      | Killed Maggie
  9277 | D:8      | Found a radiant altar of Vehumet.
  9585 | D:9      | Noticed a death yak
  9587 | D:9      | Noticed a death yak
  9589 | D:9      | Noticed a death yak
  9629 | D:9      | Killed a death yak
  9630 | D:9      | Reached XP level 11. HP: 38/101 MP: 10/10
  9630 | D:9      | Killed a death yak
  9631 | D:9      | Reached skill level 12 in Armour
  9637 | D:9      | Killed a death yak
  9642 | D:9      | Reached skill level 1 in Throwing
  9723 | D:9      | Found a staircase to the Lair.
 10352 | D:9      | Received a gift from Trog
 10864 | Lair:1   | Entered Level 1 of the Lair of Beasts
 12577 | Lair:2   | Identified the +2 war axe of the Fulmar {flame, rPois rC-
                  | Will- Dex+8}
 12613 | Lair:2   | Found a shimmering blue altar of Sif Muna.
 12678 | Lair:2   | Identified the +5 scale mail "Cesyloucw" {Str+2}
 12754 | Lair:2   | Reached skill level 13 in Armour
 13672 | Lair:3   | Reached skill level 1 in Maces & Flails
 13791 | Lair:3   | Found a staircase to the Shoals.
 14298 | Lair:3   | Found a staircase to the Snake Pit.
 14343 | Lair:3   | Noticed Josephine
 14355 | Lair:3   | Killed Josephine
 14356 | Lair:3   | Reached XP level 12. HP: 93/112 MP: 11/11
 14695 | Lair:3   | Reached skill level 5 in Maces & Flails
 15167 | Lair:3   | Reached skill level 14 in Armour
 15947 | Shoals:1 | Entered Level 1 of the Shoals
 15968 | Snake:1  | Entered Level 1 of the Snake Pit
 15968 | Snake:1  | Noticed an anaconda
 15993 | Snake:1  | HP: 3/113 [shock serpent (10)]
 15993 | Snake:1  | Mangled by a shock serpent

Illustrated notes

Levels and vault maps discovered:
D:1:      tarquinn_simple_flora_water_d, layout_loops_ring
D:2:      layout_basic, serial_shops, shop,
          shapermc_ecumenical_altar_mp_urbaneastern, uniq_jessica
D:3:      layout_loops_cross, overflow_temple_1_default, gup_sewer_entry_spiral,
          amcnicky_mini_pool_small
D:4:      layout_rooms, kennysheep_little_box, uniq_duvessa, uniq_grinder,
          uniq_sigmund
D:5:      layout_basic, elyvilon_altar_1, minmay_temple_entry_stoned_glass,
          biasface_ghost_orc_armoury, kennysheep_big_empty_room
D:6:      layout_basic, mainiacjoe_overflow_alcove_1, evilmike_ruin_ashenzari,
          overflow_temple_1_default, grunt_decor_arrowhead,
          kennysheep_nondescript, minivault_11, kennysheep_donut
D:7:      layout_loops_ring, uniq_prince_ribbit1
D:8:      layout_loops_ring, fedhas_altar_fruit_tree, vehumet_statue,
          special_room [special_room_kobold], chequers_serial_rivers_small_3,
          minivault_27, uniq_grum, uniq_maggie
D:9:      layout_layer_cave, dpeg_lair_monsters
Temple:   hellmonk_temple_rainy
Lair:1:   layout_hall_layers
Lair:2:   layout_small_grid, basic_altar, grunt_megastairs_5
Lair:3:   layout_small_grid, minmay_shoals_entry_beasts,
          guppyfry_snake_entry_garden, portal_ice_cave_entry_pillars_2,
          uniq_josephine
Shoals:1: layout_shoals, ebering_ghost_davey_jones
Snake:1:  minmay_snake_river, layout_onion_interference, minmay_shoptagon,
          uniq_donald

Skill      XL: |  1  2  3  4  5  6  7  8  9 10 11 12 |
---------------+-------------------------------------+-----
Fighting       | 4 5 7 8 10 12 | 12.6
Axes           | 4 5 6 7 8 9 11 12 | 12.0
Armour         | 3 4 5 7 10 11 13 14 | 14.0
Dodging        | 3 4 5 7 8 |  8.1
Polearms       | 2 4 |  4.5
Stealth        | 1 2 |  2.3
Throwing       | 1 |  1.8
Maces & Flails | 3 6 |  6.0

Action                     |  1- 3 |  4- 6 |  7- 9 | 10-12 || total
---------------------------+-------+-------+-------+-------++-------
  Melee: Hand axe          |    73 |   130 |       |    42 ||   245
         Headbutt          |    14 |    29 |    41 |   109 ||   193
         Trident           |       |     8 |    55 |       ||    63
         Punch             |       |     1 |     3 |     6 ||    10
         Flail             |       |       |   165 |   458 ||   623
         Battleaxe         |       |       |       |    12 ||    12
         Executioner's axe |       |       |       |    10 ||    10
  Throw: Stone             |       |     2 |       |     5 ||     7
         Dart              |       |       |       |    12 ||    12
         Throwing net      |       |       |       |     1 ||     1
 Invoke: Berserk           |     1 |     2 |     4 |     3 ||    10
         Trog's Hand       |       |       |       |     3 ||     3
    Use: Potion            |     1 |     3 |     1 |    10 ||    15
         Scroll            |       |       |       |    19 ||    19
 Armour: Scale mail        |     7 |    47 |    13 |       ||    67
         Animal skin       |     7 |     1 |       |       ||     8
         Chain mail        |       |       |   163 |   388 ||   551
  Dodge: Dodged            |    40 |    65 |   145 |   375 ||   625
